 Dungeon Crawl Stone Soup version 0.31.0-32-g396128a36d (webtiles) character file.

Game seed: 2633420837539282077

28 CmdrRubz the Covered (level 3, -1/33 HPs)
             Began as a Minotaur Berserker on Apr 5, 2024.
             Was a Follower of Trog.
             Slain by Terence
             ... wielding a +3 hand axe of flaming
              (5 damage)
             ... on level 2 of the Dungeon.
             The game lasted 00:05:33 (1018 turns).

CmdrRubz the Covered (Minotaur Berserker)           Turns: 1018, Time: 00:05:35

Health: -1/33      AC:  2    Str: 23    XL:     3   Next: 0%
Magic:  2/2        EV: 12    Int:  4    God:    Trog [*.....]
Gold:   46         SH:  0    Dex:  9    Spells: 2/2 levels left

rFire   . . .        a - +0 hand axe
rCold   . . .        (no shield)
rNeg    . . .        b - +0 animal skin
rPois   .            (helmet restricted)
rElec   .            (no cloak)
rCorr   .            (no gloves)
SInv    .            (no boots)
Will    .....        (no amulet)
Stlth   +            (no ring)
HPRegen 0.25/turn    (no ring)
MPRegen 0.08/turn

%: no passive effects
@: no status effects
A: horns 2, retaliatory headbutt
a: Renounce Religion, Berserk


You were on level 2 of the Dungeon.
You worshipped Trog.
Trog was aware of your devotion.
You visited 1 branch of the dungeon, and saw 2 of its levels.

You collected 46 gold pieces.

Inventory:

Hand Weapons
 a - a +0 hand axe (weapon)
Missiles
 f - a throwing net (quivered)
Armour
 b - a +0 animal skin (worn)
 c - a +0 ring mail
 d - a +0 chain mail
Jewellery
 g - a ring of fire
Scrolls
 h - a scroll of immolation {unknown}
 i - a scroll of poison {unknown}
 j - a scroll of noise {unknown}
 k - a scroll of identify {unknown}
Potions
 e - a potion of enlightenment {unknown}


   Skills:
 - Level 3.7 Fighting
 - Level 3.6 Axes
 + Level 4.2 Armour
 - Level 2.2 Dodging


You had 2 spell levels left.
You didn't know any spells.
Your spell library was empty.

Dungeon Overview and Level Annotations

Branches:
Dungeon (2/15)

Altars:

Annotations:
D:2 Terence


Innate Abilities, Weirdness & Mutations

You have a pair of horns on your head.
You reflexively headbutt those who attack you in melee.


Message History

Things that are here:
a +0 whip; 4 poisoned darts; a kobold corpse HP restored.
A giant cockroach and Terence come into view.
Terence is wielding a +3 hand axe of flaming.
The giant cockroach moves out of view.
A ball python comes into view.
Found 7 gold pieces.
The ball python hisses angrily.
You hit the ball python.
You kill the ball python!
Trog accepts your kill.
You have reached level 3!
Your experience leads to an increase in your attributes!
Increase (S)trength, (I)ntelligence, or (D)exterity?
You feel stronger. x2
Found a puce potion.
Found 4 poisoned darts.
Terence shouts!
You see here 17 gold pieces.
You now have 46 gold pieces (gained 17).
You closely miss Terence. Terence closely misses you.
You hit Terence. You headbutt Terence!
Terence is heavily wounded.
Terence hits you with a +3 hand axe of flaming!
Terence burns you. Terence barely misses you.
You hit Terence. Your headbutt misses Terence.
Terence is severely wounded.
Terence hits you with a +3 hand axe of flaming.
Terence burns you.
You hit Terence but do no damage. You headbutt Terence.
Terence is almost dead.
Terence closely misses you.
You hit Terence but do no damage.
Terence is almost dead.
Terence hits you with a +3 hand axe of flaming!
* * * LOW HITPOINT WARNING * * *
Terence burns you.
You die...
Terence says, "Rest in peace."

! . ## r. ####..
.#..####
##..##.....##..##
##....##...##....
#......#...#....
##..##†.##.##..#
#..####..#.#.@####..
#..#..#).#r#@.#B$#(.
#..##†#..#.#..#.##..
##..#.#...#...#.#..#
#....#...#...#..!.#
##..##...#...##..##
####....#....# ##
###.###.########
#......†......
##############


You could see Terence, a giant cockroach and a rat.

Vanquished Creatures
  3 dart slugs (D:1)
  3 endoplasms (D:1)
  A giant cockroach (D:2)
  2 hobgoblins
  A quokka (D:1)
  2 ball pythons
  3 bats (D:1)
  2 frilled lizards (D:1)
  A goblin (D:1)
  4 kobolds
  A rat (D:2)
23 creatures vanquished.

Notes
Turn   | Place    | Note
-------+----------+-------------------------------------------
     0 | D:1      | CmdrRubz the Minotaur Berserker began the quest for the
                  | Orb.
     0 | D:1      | Reached XP level 1. HP: 19/19 MP: 0/0
   222 | D:1      | Reached skill level 3 in Armour
   243 | D:1      | Reached XP level 2. HP: 21/27 MP: 1/1
   895 | D:1      | Reached skill level 4 in Armour
   994 | D:2      | Noticed Terence
  1006 | D:2      | Reached XP level 3. HP: 33/33 MP: 2/2
  1018 | D:2      | Slain by Terence

Illustrated notes

Levels and vault maps discovered:
D:1:      dpeg_arrival_castle, layout_basic
D:2:      layout_basic, minmay_puff, uniq_robin, uniq_natasha, uniq_terence

Skill      XL: |  1  2 |
---------------+-------+-----
Armour         | 3 4 |  4.2
Fighting       | |  3.7
Axes           | |  3.6
Dodging        | |  2.2

Action                     || total
---------------------------++-------
  Melee: Hand axe          ||    51
         Headbutt          ||    10
   Stab: Sleeping          ||     2
 Armour: Animal skin       ||    28
  Dodge: Dodged            ||    32
